 Dungeon Crawl Stone Soup version 0.24-a0-715-g0b739ee41d (webtiles) character file.

Game seed: 4915308202149702027, levelgen mode: deterministic

732 Kohma the Slinger (level 8, -9/49 HPs)
             Began as a Halfling Hunter on Sept 30, 2019.
             Mangled by an ogre
             ... wielding a +0 giant club
              (12 damage)
             ... on level 5 of the Dungeon.
             The game lasted 00:15:57 (4720 turns).

Kohma the Slinger (Halfling Hunter)                 Turns: 4720, Time: 00:15:57

Health: -9/49      AC:  8    Str: 14    XL:     8   Next: 3%
Magic:  8/8        EV: 16    Int:  9    God:
Gold:   328        SH:  0    Dex: 16    Spells: 7/7 levels left

rFire    + . .     SeeInvis .   a - +2 hunting sling
rCold    + . .     Gourm    .   (shield restricted)
rNeg     . . .     Faith    .   e - +0 ring mail
rPois    .         Spirit   .   j - +2 helmet
rElec    .         Reflect  .   B - scarf {rC+ rF+}
rCorr    .         Harm     .   (no gloves)
MR       .....                  (no boots)
Stlth    +.........             (no amulet)
HPRegen  0.16/turn              (no ring)
MPRegen  0.11/turn              (no ring)

@: lethally poisoned (-9 -> -12)
A: small, mutation resistance 1
a: no special abilities


You were on level 5 of the Dungeon.
You were not hungry.

You visited 1 branch of the dungeon, and saw 8 of its levels.

You collected 328 gold pieces.

Inventory:

Hand Weapons
 a - a +2 hunting sling (weapon)
 b - a +0 short sword
 d - a +2 falchion of slicing
Missiles
 h - 140 stones (quivered)
 q - 12 poisoned darts
Armour
 c - a +1 cloak
 e - a +0 ring mail (worn)
 j - a +2 helmet (worn)
 B - a scarf of resistance (worn)
Jewellery
 i - an uncursed amulet of the gourmand {unknown}
 m - an uncursed ring of protection from fire {unknown}
 r - an uncursed amulet of harm {unknown}
Wands
 g - a wand of iceblast (7)
Scrolls
 l - a scroll of immolation {unknown}
 p - 3 scrolls of remove curse
 u - a scroll of enchant weapon
 x - a scroll of blinking {unknown}
 y - 2 scrolls of identify {unknown}
 z - a scroll of teleportation {unknown}
Potions
 k - a potion of agility {unknown}
 n - 2 potions of curing {unknown}
 s - 2 potions of brilliance {unknown}
 t - a potion of might {unknown}
 v - a potion of berserk rage {unknown}
 A - a potion of lignification {unknown}
 C - a potion of ambrosia {unknown}
Comestibles
 f - 6 rations
 w - 2 chunks of flesh


   Skills:
 - Level 1.7 Fighting
 * Level 11.1 Slings
 + Level 5.6 Dodging
 - Level 1.1 Stealth


You had 7 spell levels left.
You didn't know any spells.
Your spell library was empty.

Dungeon Overview and Level Annotations

Branches:
Dungeon (8/15)
 Temple: D:4-7         Lair: D:8-11

Altars:
Okawaru
Ru
Wu Jian
Zin
The Shining One

Shops:
D:4 %


Innate Abilities, Weirdness & Mutations

You are small and have problems with some larger weapons.
You are somewhat resistant to further mutation.


Message History

Aim: an adder (severely wounded)
You shoot a stone. The stone hits the adder!
You kill the adder!
The orc barely misses you. The ogre misses you.
Firing (i - inventory. (/) - cycle)
h - 142 stones (quivered)
Press: ? - help, Shift-Dir - straight line, f - ogre
Aim: an ogre, wielding a +0 giant club You shoot a stone.
The stone hits the ogre.
The ogre is lightly wounded.
You feel sick.
The orc warrior hits you with a +0 war axe!
* * * LOW HITPOINT WARNING * * *
The orc barely misses you.
Firing (i - inventory. (/) - cycle)
h - 141 stones (quivered)
Press: ? - help, Shift-Dir - straight line, f/p - ogre
Aim: an ogre, wielding a +0 giant club (lightly wounded)
You shoot a stone. The stone hits the ogre!
The ogre is heavily wounded.
The ogre hits you with a +0 giant club!
You die...

..## #..## #...#
...## #...# #...#
#...## ##...###...#
##...###.....#..[.#
#...รท........)...#
##.............<.#
##..............#
##...........oo##
###......(...[.(@#
.......#####...O##
.......# #....#
#......# ##..##
###....# #..#
#....# #..#
###...## #..#
<.....# #..#
.....##


You could see an orc warrior, an ogre and an orc.

Vanquished Creatures
  An orc warrior (D:3)
  An ice beast (D:4)
  An ogre (D:5)
  2 orc priests
  2 hounds (D:4)
  A jelly (D:5)
  An orc wizard (D:5)
  Ijyb (D:3)
  2 worker ants
  3 gnolls (D:2)
  6 adders
  A shadow imp (D:4)
  2 oozes
  An adder zombie (D:5)
  A worm (D:3)
  4 dart slugs
  5 leopard geckos
  8 orcs
  7 bats
  3 giant cockroaches
  10 goblins
  5 hobgoblins
  6 jackals
  8 kobolds
  3 quokkas
  A ball python (D:2)
  10 frilled lizards
  A leopard gecko zombie (D:7)
  13 rats
110 creatures vanquished.

Notes
Turn   | Place    | Note
-------+----------+-------------------------------------------
     0 | D:1      | Kohma the Halfling Hunter began the quest for the Orb.
     0 | D:1      | Reached XP level 1. HP: 14/14 MP: 1/1
    67 | D:1      | Reached skill level 6 in Slings
    77 | D:1      | Reached XP level 2. HP: 19/19 MP: 2/2
   350 | D:1      | Reached XP level 3. HP: 19/24 MP: 3/3
   910 | D:1      | Reached skill level 7 in Slings
  1020 | D:2      | Found an iron altar of Okawaru.
  1118 | D:2      | Reached XP level 4. HP: 28/29 MP: 4/4
  1562 | D:2      | Found an ornate altar of the Wu Jian Council.
  1733 | D:2      | Reached XP level 5. HP: 34/34 MP: 5/5
  1756 | D:2      | Found a glowing silver altar of Zin.
  1893 | D:2      | Found a sacrificial altar of Ru.
  2163 | D:3      | Reached skill level 8 in Slings
  2181 | D:3      | Noticed Ijyb
  2355 | D:3      | Killed Ijyb
  2499 | D:3      | Found a glowing golden altar of the Shining One.
  3127 | D:4      | Found Gaed Xeo's Food Boutique.
  3127 | D:4      | Noticed an orc warrior
  3156 | D:3      | Reached XP level 6. HP: 22/39 MP: 6/6
  3165 | D:3      | HP: 1/39 [orc warrior/+0 short sword (3)]
  3169 | D:3      | Killed an orc warrior
  3169 | D:3      | Reached skill level 9 in Slings
  3692 | D:5      | Entered Level 5 of the Dungeon
  3787 | D:5      | Reached XP level 7. HP: 29/44 MP: 7/7
  4200 | D:5      | Reached skill level 10 in Slings
  4218 | D:4      | Reached skill level 5 in Dodging
  4564 | D:5      | Reached skill level 11 in Slings
  4596 | D:5      | Reached XP level 8. HP: 49/49 MP: 8/8
  4676 | D:5      | You fall into a shaft and drop 3 floors!
  4720 | D:5      | Mangled by an ogre

Levels and vault maps discovered:
D:1:      matt_arrival_spirals, layout_loops_ring
D:2:      minmay_inner_zag, layout_basic, zin_statuary, lemuel_crystal_altar,
          nicolae_overflow_crystal_walls, serial_forest,
          infiniplex_forest_lined_2, infiniplex_forest_end_2,
          infiniplex_forest_corner_1, infiniplex_forest_clump_double,
          infiniplex_forest_clump_cross, first_ration, nicolae_ru_path_of_blood
D:3:      layout_basic, old_standard_altar, minmay_misc_feat_pillars,
          supply_closet_lemuel, uniq_ijyb
D:4:      layout_basic, gammafunk_temple_overflow_statue, serial_shops, shop
D:5:      layout_layer_cave, uniq_eustachio, uniq_edmund
D:6:      layout_cave_pools, elyvilon_altar_3, dancing_weapons_uskayaw,
          cheibrodos_ashenzari_chains, serial_undead, serial_undead_c,
          serial_undead_d, serial_undead_b, serial_undead_d, serial_undead_c,
          serial_shops, shop_fountains
D:7:      layout_cave_pools, lemuel_crystal_altar, kiku_gazebo_pond_becter,
          minmay_temple_entry_gardened_gates, serial_shops,
          nicolae_shop_waterfront, uniq_harold
D:8:      layout_loops_corners, enter_bailey_3, uniq_pikel

Skill      XL: |  1  2  3  4  5  6  7 |
---------------+----------------------+-----
Slings         | 6 7 8 9 11 | 11.1
Dodging        | 3 4 5 |  5.6
Fighting       | |  1.7
Stealth        | |  1.1

Action                   |  1- 3 |  4- 6 |  7- 9 || total
-------------------------+-------+-------+-------++-------
 Fire: Hunting sling     |    82 |   228 |   120 ||   430
  Use: Potion            |       |     1 |     2 ||     3
       Scroll            |       |       |     2 ||     2
  Eat: Chunk             |       |     7 |     2 ||     9
       Ration            |       |       |     1 ||     1
Armor: Ring mail         |     9 |    26 |    26 ||    61
Dodge: Dodged            |    19 |    81 |    65 ||   165

Table legend:
 A = Non-vault XP
 B = Vault XP
 C = Vault XP percentage of total XP
 D = Non-vault monster count
 E = Vault monster count
 F = Vault count percentage of total count
                 A         B        C        D         E       F
            +---------+---------+-------+---------+---------+-------
      Total |    1001 |      46 |   4.4 |     102 |       8 |   7.3
            +---------+---------+-------+---------+---------+-------
        D:1 |      52 |       0 |   0.0 |      27 |       0 |   0.0
        D:2 |      97 |      10 |   9.3 |      25 |       7 |  21.9
        D:3 |     240 |      36 |  13.0 |      28 |       1 |   3.4
        D:4 |     283 |       0 |   0.0 |      10 |       0 |   0.0
        D:5 |     328 |       0 |   0.0 |      11 |       0 |   0.0
        D:7 |       1 |       0 |   0.0 |       1 |       0 |   0.0
            +---------+---------+-------+---------+---------+-------
